 Dungeon Sprint DCSS version 0.17-a0-1805-g6093636 (webtiles) character file.

648 pipel the Cleaver (level 7, 0/103 HPs)
             Began as a Hill Orc Gladiator on Sept 12, 2015.
             Was the Champion of Makhleb.
             Slain by a hellwing (6 damage)
             ... in the Dungeon (Sprint VII: "The Pits").
             The game lasted 00:04:44 (957 turns).

pipel the Cleaver (Hill Orc Gladiator)               Turns: 957, Time: 00:04:44

Health: 0/103      AC: 16    Str: 25    XL:     7   Next: 53%
Magic:  9/9        EV:  9    Int:  8    God:    Makhleb [******]
Gold:   0          SH:  0    Dex: 11    Spells: 0 memorised, 6 levels left

rFire  . . .     SeeInvis .     a - +0 war axe
rCold  . . .     Clarity  .     v - +2 plate armour
rNeg   . . .     SustAt   .     (no shield)
rPois  .         Gourm    .     c - +0 helmet
rElec  .         Spirit   .     (no cloak)
rCorr  .         Warding  .     (no gloves)
rMut   .         NoTele   +     (no boots)
MR     .....                    (no amulet)
Stlth  ..........               (no ring)
                                (no ring)

@: berserking (expiring), very quick, not resistant to hostile enchantments,
extremely unstealthy
A: no striking features
a: Minor Destruction, Lesser Servant of Makhleb, Major Destruction, Greater
Servant of Makhleb, Renounce Religion


You were in the Dungeon.
You worshipped Makhleb.
Makhleb was exalted by your worship.
You were not hungry.

You visited 1 branch

Inventory:

Hand weapons
 a - a +0 war axe (weapon)
Missiles
 d - 2 throwing nets (quivered)
 o - 10 stones
Armour
 b - a +0 leather armour
 c - a +0 helmet (worn)
 v - a +2 plate armour (worn)
Magical staves
 p - an uncursed staff of energy
Scrolls
 q - 3 scrolls of remove curse
 r - 5 scrolls of amnesia
 s - a scroll of summoning
 t - 2 scrolls of vulnerability
Potions
 f - 6 potions of curing
 g - 4 potions of heal wounds
 h - a potion of haste
 i - 4 potions of magic
 j - a potion of berserk rage
 n - 2 potions of invisibility
Comestibles
 e - 8 bread rations
 k - 2 chunks of flesh
 l - 40 fruits
 m - 7 meat rations


   Skills:
 + Level 8.5 Fighting
 + Level 11.9 Axes
 + Level 3.5 Throwing
 + Level 7.6 Armour
 + Level 6.5 Dodging
 - Level 2.4 Stealth
 * Level 3.6 Invocations


You had 6 spell levels left.
You didn't know any spells.

Dungeon Overview and Level Annotations

Branches:
Dungeon (1/1)

Altars:
Ashenzari
Cheibriados
Dithmenos
Elyvilon
Fedhas
Kikubaaqudgha
Makhleb
Nemelex Xobeh
Okawaru
Ru
Sif Muna
Trog
Vehumet
Xom
Yredelemnul
Zin
The Shining One
Beogh
Jiyva
Lugonu


Message History

You slash the hellwing!
The hellwing is moderately wounded.
The hellwing barely misses you. The hellwing closely misses you.
You barely miss the hellwing.
The hellwing is moderately wounded.
The orc wizard gestures wildly while chanting.
The orc wizard blinks!
The hellwing hits you!
* * * LOW HITPOINT WARNING * * *
The hellwing hits you.
* * * LOW HITPOINT WARNING * * *
The hellwing blocks your attack.
The hellwing's corpse armour sloughs away.
The hellwing is moderately wounded.
The orc wizard mumbles some strange words.
The orc wizard seems to speed up.
You slice the hellwing!!
The hellwing is severely wounded.
The hellwing hits you but does no damage.
The hellwing hits you.
You die...

#.#...))ยง..##.......#
#.#...)))[.##.......#
#'###########.......#
#.......#..##########
#.###...#.# ####
#.#.....#.#o...#
#.#...#.#%#o4..#
#.....#.#z'..o.+
#...###@#'#
#...o..)4.#
###########


You could see a hellwing and an orc wizard.

Vanquished Creatures
  A kobold demonologist (D)
  An orc warrior (D)
  A scorpion (D)
  3 wights (D)
  A crimson imp (D)
  An orc priest (D)
  An iron imp (D)
  An adder (D)
  A giant eyeball (D)
  An ooze (D)
  4 orcs (D)
  2 ball pythons (D)
  2 giant cockroaches (D)
  2 quokkas (D)
  A giant newt (D)
  A goblin (D)
  A kobold (D)
  A quokka zombie (D)
  2 rats (D)
28 creatures vanquished.

Vanquished Creatures (others)
  A draconian knight (D)
  An apis (D)
2 creatures vanquished.

Grand Total: 30 creatures vanquished

Notes
Turn   | Place    | Note
--------------------------------------------------------------
     0 | D        | pipel the Hill Orc Gladiator began the quest for the Orb.
     0 | D        | Reached XP level 1. HP: 18/18 MP: 1/1
    10 | D        | Paralysed by a giant eyeball for 2 turns
    14 | D        | Killed an apis
    23 | D        | Killed a green draconian knight
    34 | D        | Found a sacrificial altar of Ru.
    34 | D        | Found a shadowy altar of Dithmenos.
    34 | D        | Found a bloodstained altar of Trog.
    34 | D        | Found a deep blue altar of Sif Muna.
    34 | D        | Found a shimmering altar of Xom.
    34 | D        | Found a sparkling altar of Nemelex Xobeh.
    34 | D        | Found a corrupted altar of Lugonu.
    34 | D        | Found a viscous altar of Jiyva.
    35 | D        | Found a basalt altar of Yredelemnul.
    35 | D        | Found a glowing golden altar of the Shining One.
    35 | D        | Found a shattered altar of Ashenzari.
    35 | D        | Found a white marble altar of Elyvilon.
    35 | D        | Found a snail-covered altar of Cheibriados.
    35 | D        | Found a blossoming altar of Fedhas.
    35 | D        | Found a radiant altar of Vehumet.
    35 | D        | Found a burning altar of Makhleb.
    35 | D        | Found an ancient bone altar of Kikubaaqudgha.
    35 | D        | Found a glowing silver altar of Zin.
    35 | D        | Found a roughly hewn altar of Beogh.
    35 | D        | Found an iron altar of Okawaru.
    38 | D        | Became a worshipper of Makhleb the Destroyer
    49 | D        | Reached skill level 5 in Axes
    49 | D        | Reached XP level 2. HP: 25/25 MP: 2/2
    55 | D        | Acquired Makhleb's first power
   138 | D        | Acquired Makhleb's second power
   289 | D        | Acquired Makhleb's third power
   356 | D        | Noticed an orc priest
   368 | D        | Reached skill level 6 in Axes
   372 | D        | Acquired Makhleb's fourth power
   372 | D        | Reached XP level 3. HP: 13/31 MP: 3/3
   416 | D        | Reached skill level 1 in Armour
   530 | D        | Killed an orc priest
   530 | D        | Acquired Makhleb's fifth power
   530 | D        | Reached skill level 7 in Axes
   530 | D        | Reached XP level 4. HP: 20/40 MP: 4/4
   698 | D        | Noticed an iron imp
   704 | D        | Killed an iron imp
   709 | D        | Noticed a crimson imp
   712 | D        | Killed a crimson imp
   712 | D        | Reached skill level 5 in Fighting
   712 | D        | Reached skill level 8 in Axes
   712 | D        | Reached skill level 5 in Dodging
   712 | D        | Reached XP level 5. HP: 46/48 MP: 5/5
   715 | D        | Noticed a kobold demonologist
   716 | D        | Noticed a blue devil
   729 | D        | Killed a blue devil
   730 | D        | Noticed a chaos spawn
   745 | D        | Noticed a neqoxec
   750 | D        | Noticed a rust devil
   844 | D        | Noticed a chaos spawn
   849 | D        | Noticed a hellwing
   850 | D        | Killed a kobold demonologist
   850 | D        | Reached skill level 11 in Axes
   850 | D        | Reached XP level 6. HP: 41/60 MP: 6/6
   884 | D        | Noticed a scorpion
   886 | D        | Killed a scorpion
   906 | D        | Noticed a wight
   906 | D        | Noticed a wight
   906 | D        | Noticed an orc warrior
   906 | D        | Noticed an orc priest
   907 | D        | Noticed a wight
   914 | D        | Noticed an orc wizard
   914 | D        | Noticed a hellwing
   919 | D        | Killed a wight
   919 | D        | Reached skill level 1 in Invocations
   919 | D        | Reached XP level 7. HP: 38/66 MP: 6/8
   923 | D        | Killed an orc warrior
   926 | D        | Killed a wight
   931 | D        | Killed a wight
   955 | D        | HP: 5/103 [hellwing (3)]
   957 | D        | Slain by a hellwing

Vault maps used:
D:        pitsprint

Action                   |  1- 3 |  4- 6 |  7- 9 || total
-------------------------+-------+-------+-------++-------
Melee: War axe           |    60 |    47 |    36 ||   143
Throw: Throwing net      |       |     2 |       ||     2
  Use: Potion            |       |     2 |     2 ||     4
       Scroll            |       |     1 |       ||     1
 Stab: Held in net/web   |       |     2 |       ||     2
  Eat: Chunk             |       |     1 |       ||     1
